 Dungeon Sprint DCSS version 0.20.1-1-g8b1a95d (webtiles) character file.

3866 potatolord6000 the Thaumaturge (level 9, -5/45 HPs)
             Began as a Deep Elf Summoner on Aug 30, 2017.
             Was a High Priest of Sif Muna.
             Slain by a merfolk
             ... wielding a +0 trident
              (15 damage)
             ... in the Dungeon (Sprint V: "Ziggurat Sprint").
             The game lasted 00:12:39 (1041 turns).

potatolord6000 the Thaumaturge (Deep Elf Summoner)  Turns: 1041, Time: 00:12:40

Health: -5/45      AC:  0    Str:  5    XL:     9   Next: 99%
Magic:  31/35      EV: 22    Int: 42    God:    Sif Muna [*****.]
Gold:   0          SH:  0    Dex: 15    Spells: 16/37 levels left

rFire    + . .     SeeInvis .   E - +6 Majin-Bo {vamp, Archmagi MP+6 Int+6}
rCold    + . .     Gourm    .   (shield currently unavailable)
rNeg     + . .     Faith    .   a - +0 robe
rPois    +         Spirit   .   s - -2 hat of the Alchemist {rElec rPois rF+ rC+ rN+ MR+ rMut rCorr}
rElec    +         Reflect  .   (no cloak)
rCorr    +         Harm     .   (no gloves)
rMut     +         NoTele   +   (no boots)
MR       +....                  (no amulet)
Stlth    ++........             l - +6 ring of intelligence
Regen    0.2/turn               m - +6 ring of intelligence
MPRegen  0.3/turn

@: very slightly contaminated, hasted, studying 2 skills, invisible, very quick
A: no striking features
a: Divine Energy, Channel Magic, Forget Spell, Renounce Religion


You were in the Dungeon.
You worshipped Sif Muna.
Sif Muna was extremely pleased with you.
You were full.

You visited 1 branch

Inventory:

Hand Weapons
 E - the +6 Majin-Bo (weapon) {vamp, Archmagi MP+6 Int+6}
   (You found it in the Dungeon)

   It inflicts no extra harm, but heals its wielder when it wounds a living foe.
   It affects your intelligence (+6).
   It affects your magic capacity (+6).
Armour
 a - a +0 robe (worn)
 s - the -2 hat of the Alchemist (worn) {rElec rPois rF+ rC+ rN+ MR+ rMut rCorr}
   (You found it in the Dungeon)

   It protects you from fire.
   It protects you from cold.
   It insulates you from electricity.
   It protects you from poison.
   It protects you from negative energy.
   It affects your resistance to hostile enchantments.
   It protects you from acid and corrosion.
   It protects you from mutation.
Jewellery
 l - a +6 ring of intelligence (left hand)
 m - a +6 ring of intelligence (right hand)
Wands
 j - a wand of disintegration (4/24)
 k - a wand of iceblast (3/15)
 n - a wand of lightning (3/15)
 o - a wand of acid (2/15)
Scrolls
 v - 4 scrolls of amnesia
 w - 3 scrolls of recharging
 x - 7 scrolls of fog
 y - a scroll of holy word
 z - 5 scrolls of identify
 A - 5 scrolls of remove curse
 B - 2 scrolls of fear
Potions
 d - 7 potions of curing
 f - 5 potions of haste
 g - 6 potions of magic
 h - 3 potions of berserk rage
 p - 2 potions of brilliance
 r - 4 potions of resistance
 t - 5 potions of agility
 u - 5 potions of might
Books
 b - a book of Callings

   Spells                             Type                      Level
   a - Summon Small Mammal            Summoning                    1
   b - Call Imp                       Summoning                    2
   c - Call Canine Familiar           Summoning                    3
   d - Summon Guardian Golem          Hexes/Summoning              3
   e - Summon Lightning Spire         Summoning/Air                4
   f - Summon Ice Beast               Ice/Summoning                4
 e - a manual of Slings
 i - a manual of Maces & Flails
Comestibles
 c - 5 bread rations
 C - 42 fruits
 D - 2 meat rations


   Skills:
 + Level 13.7 Dodging
 - Level 2.4 Stealth
 + Level 14.8 Spellcasting
 + Level 13.2 Summonings
 + Level 12.5 Evocations


You had 16 spell levels left.
You knew the following spells:

 Your Spells              Type           Power        Failure   Level  Hunger
a - Summon Small Mammal   Summ           ####         0%          1    None
b - Call Canine Familiar  Summ           ########     0%          3    None
c - Summon Ice Beast      Ice/Summ       #######.     1%          4    None
d - Summon Lightning Spi  Summ/Air       #######.     1%          4    None
e - Summon Guardian Gole  Hex/Summ       #######.     1%          3    None
f - Shadow Creatures      Summ           N/A          1%          6    None


Dungeon Overview and Level Annotations

Branches:
Dungeon (1/1)

Altars:
Ashenzari
Cheibriados
Dithmenos
Elyvilon
Fedhas
Gozag
Hepliaklqana
Kikubaaqudgha
Makhleb
Nemelex Xobeh
Okawaru
Qazlal
Ru
Sif Muna
Trog
Uskayaw
Vehumet
Xom
Yredelemnul
Zin
The Shining One
Beogh
Jiyva
Lugonu

Annotations:
D 1 transporter


Message History

Unknown command.
Your bat misses the merfolk.
The merfolk hits your lightning spire with a trident!
The hippogriff barely misses your ice beast.
The hippogriff pecks your ice beast but does no damage.
The hippogriff barely misses your ice beast.
Your lightning spire disappears in a puff of smoke!
Your bat barely misses the merfolk.
Your ice beast hits the merfolk but does no damage.
Your warg bites the hippogriff.
Your ice beast hits the hippogriff.
Your ice beast freezes the hippogriff!
The hippogriff closely misses your ice beast.
The hippogriff misses your ice beast. The hippogriff claws your ice beast.
Your bat closely misses the merfolk.
Your warg barely misses the hippogriff.
Your ice beast hits the merfolk but does no damage.
Your bat hits the merfolk but does no damage.
Your ice beast hits the hippogriff.
Your ice beast freezes the hippogriff!
Your ice beast closely misses the hippogriff.
The merfolk hits you from afar with a trident!
You die...

▓........▓........▓
▓▓▓▓▓▓▓▓▓▓▓▓▓▓▓▓▓▓▓
▓...8©8...▓..8©8..▓
▓..=[:....▓....}..▓
▓...[)|...▓..}}=..▓
▓.....hH..▓....)..▓
▓.....Y8Y.▓..).)..▓
▓...)b((.(▓...))(.▓
▓..Ym.@...▓...((..▓
▓.........▓...((..▓
▓.........▓...(((.▓
▓▓▓▓▓▓▓▓▓▓▓▓▓▓▓▓▓▓▓
▓..8©8..▓ ▓...)...▓
▓..:[)..▓ ▓.......▓
▓.......▓


You could see a merfolk, a hippogriff, a friendly guardian golem (inner flame),
a friendly warg, 3 friendly ice beasts and a friendly bat.

Vanquished Creatures
  A toenail golem (D)
  A yaktaur (D)
  A meliai (shapeshifter) (D)
  A merfolk (D)
  A necrophage (D)
  3 centaurs (D)
8 creatures vanquished.

Vanquished Creatures (collateral kills)
  A yaktaur captain (D)
  3 cyclopes (D)
  An ugly thing (D)
  A toenail golem (D)
  A yaktaur (D)
  A rime drake (D)
  A rime drake (shapeshifter) (D)
  A blink frog (shapeshifter) (D)
  2 steam dragons (D)
  An acid dragon (D)
  2 swamp drakes (D)
  A necrophage (D)
  A centaur (D)
  An iron imp (D)
  A shadow imp (D)
  2 white imps (D)
  An adder skeleton (D)
  A worm (shapeshifter) (D)
  A bat zombie (D)
  A jackal zombie (D)
25 creatures vanquished.

Vanquished Creatures (others)
  2 toenail golems (D)
2 creatures vanquished.

Grand Total: 35 creatures vanquished

Notes
Turn   | Place    | Note
-------+----------+-------------------------------------------
     0 | D        | potatolord6000 the Deep Elf Summoner began the quest for the Orb.
     0 | D        | Reached XP level 1. HP: 10/10 MP: 6/6
     0 | D        | Found a deep blue altar of Sif Muna.
     0 | D        | Found a bloodstained altar of Trog.
     0 | D        | Found a sacrificial altar of Ru.
     0 | D        | Found a stormy altar of Qazlal.
     0 | D        | Found an iron altar of Okawaru.
     3 | D        | Found a sparkling altar of Nemelex Xobeh.
     4 | D        | Found an ancient bone altar of Kikubaaqudgha.
     4 | D        | Found a corrupted altar of Lugonu.
     4 | D        | Found a transporter.
     4 | D        | Found a burning altar of Makhleb.
     4 | D        | Found a viscous altar of Jiyva.
     4 | D        | Found a hazy altar of Hepliaklqana.
    24 | D        | Became a worshipper of Sif Muna the Loreminder
    32 | D        | Found a blossoming altar of Fedhas.
    34 | D        | Found an opulent altar of Gozag.
   108 | D        | Reached * piety under Sif Muna
   108 | D        | Reached skill level 5 in Dodging
   108 | D        | Reached skill level 5 in Spellcasting
   108 | D        | Reached XP level 2. HP: 15/15 MP: 10/10
   139 | D        | Entered arena 2.
   139 | D        | Noticed a necrophage
   139 | D        | Found a transporter.
   146 | D        | Killed a necrophage
   146 | D        | Reached skill level 7 in Spellcasting
   146 | D        | Reached skill level 5 in Evocations
   146 | D        | Reached XP level 3. HP: 15/19 MP: 13/13
   146 | D        | Reached XP level 4. HP: 19/24 MP: 14/15
   207 | D        | Learned a level 3 spell: Call Canine Familiar
   212 | D        | Learned a level 4 spell: Summon Ice Beast
   217 | D        | Learned a level 4 spell: Summon Lightning Spire
   221 | D        | Learned a level 3 spell: Summon Guardian Golem
   229 | D        | Entered arena 3.
   229 | D        | Noticed a necrophage
   229 | D        | Found a transporter.
   235 | D        | Killed a necrophage
   235 | D        | Reached ** piety under Sif Muna
   245 | D        | Entered arena 4.
   245 | D        | Noticed a toenail golem
   245 | D        | Noticed a toenail golem
   245 | D        | Noticed a toenail golem
   245 | D        | Noticed a toenail golem
   245 | D        | Found a transporter.
   254 | D        | Killed a toenail golem
   254 | D        | Reached skill level 9 in Spellcasting
   254 | D        | Reached XP level 5. HP: 21/28 MP: 1/18
   254 | D        | Reached XP level 6. HP: 24/32 MP: 1/20
   258 | D        | Killed a toenail golem
   258 | D        | Reached *** piety under Sif Muna
   262 | D        | Killed a toenail golem
   262 | D        | Reached skill level 10 in Spellcasting
   265 | D        | Killed a toenail golem
   265 | D        | Reached XP level 7. HP: 25/36 MP: 1/23
   407 | D        | Entered arena 5.
   407 | D        | Found a transporter.
   415 | D        | Reached **** piety under Sif Muna
   555 | D        | Entered arena 6.
   555 | D        | Noticed a blink frog
   555 | D        | Noticed a purple ugly thing
   555 | D        | Noticed a rime drake
   555 | D        | Noticed a human
   555 | D        | an ice beast changed into a human
   555 | D        | Found a transporter.
   558 | D        | Noticed a meliai
   558 | D        | a human changed into a meliai
   563 | D        | Killed a rime drake
   563 | D        | Reached skill level 10 in Dodging
   563 | D        | Reached skill level 11 in Spellcasting
   563 | D        | Reached skill level 10 in Summonings
   564 | D        | Killed a meliai
   566 | D        | Killed a blink frog
   566 | D        | Reached XP level 8. HP: 21/41 MP: 3/25
   567 | D        | Killed a purple ugly thing
   567 | D        | Reached ***** piety under Sif Muna
   567 | D        | Reached skill level 12 in Spellcasting
   567 | D        | Reached skill level 10 in Evocations
   573 | D        | Got the ring of Summ {rCorr rPois}
   579 | D        | Identified the Catalogue of Harmful Summoning (You found it in the Dungeon)
   727 | D        | Entered arena 7.
   727 | D        | Noticed a yaktaur captain
   727 | D        | Noticed a cyclops
   727 | D        | Noticed a yaktaur
   727 | D        | Noticed a yaktaur
   729 | D        | Identified the +0 battleaxe of Ruexex {flame, rF+ MR- MP+9 Int+4}
   733 | D        | Killed a yaktaur
   733 | D        | Identified Sif Muna's Volume of Execration and Orientation (Sif Muna gifted it to you in the Dungeon)
   733 | D        | Received a gift from Sif Muna
   733 | D        | Killed a yaktaur
   735 | D        | Killed a yaktaur captain
   735 | D        | Reached skill level 13 in Spellcasting
   735 | D        | Reached XP level 9. HP: 35/45 MP: 9/28
   735 | D        | Killed a cyclops
   735 | D        | Reached skill level 14 in Spellcasting
   747 | D        | Found a transporter.
   764 | D        | Learned a level 6 spell: Shadow Creatures
   853 | D        | Entered arena 8.
   853 | D        | Noticed a rime drake
   862 | D        | Identified Sif Muna's Catalogue of Beguiling and Sinister Secrets (Sif Muna gifted it to you in the Dungeon)
   862 | D        | Received a gift from Sif Muna
   863 | D        | Killed a rime drake
   871 | D        | Found a transporter.
  1018 | D        | Entered arena 9.
  1018 | D        | Noticed a merfolk
  1018 | D        | Noticed a cyclops
  1018 | D        | Noticed a cyclops
  1018 | D        | Noticed a merfolk
  1027 | D        | Found a transporter.
  1030 | D        | Killed a cyclops
  1031 | D        | Killed a merfolk
  1032 | D        | Killed a cyclops
  1041 | D        | Slain by a merfolk

Skill      XL: |  1  2  3  4  5  6  7  8  9 |
---------------+----------------------------+-----
Dodging        | 5 6 8 9 10 12 13 | 13.7
Spellcasting   | 5 7 9 10 11 13 14 | 14.8
Summonings     | 6 7 8 9 10 12 13 | 13.2
Evocations     | 3 5 7 8 9 11 12 | 12.5
Stealth        | |  2.4

Action                   |  1- 3 |  4- 6 |  7- 9 || total
-------------------------+-------+-------+-------++-------
Melee: Quarterstaff      |       |     3 |     4 ||     7
 Cast: Summon Small Mamm |     4 |       |     1 ||     5
       Summon Ice Beast  |       |     4 |    21 ||    25
       Summon Guardian G |       |     2 |     6 ||     8
       Call Canine Famil |       |     2 |     6 ||     8
       Summon Lightning  |       |       |     5 ||     5
       Shadow Creatures  |       |       |     3 ||     3
Evoke: Wand              |       |     5 |     5 ||    10
  Use: Potion            |     1 |     2 |    15 ||    18
       Scroll            |       |     4 |       ||     4
  Eat: Meat ration       |     1 |       |     1 ||     2
Dodge: Dodged            |       |     2 |    23 ||    25
